Workbook
Name ГП_ВО_ОЭТС_ФСК: #REF!
Name ГП_ВО_ОЭТС_ФСК_М: #REF!

Sheet 2017 (план-факт)
E1: Приложение 2
E2: к приказу Федеральной службы по тарифам
E3: от 24 октября 2014 г. № 1831-э
A5: Форма раскрытия информации о структуре и объемах затрат
A6: на оказание услуг по передаче электрической энергии сетевыми
A7: организациями, регулирование деятельности которых осуществляется
A8: методом долгосрочной индексации необходимой валовой выручки
B10: Наименование организации: | D10: МУП "Грязовецкие электросети"
B11: ИНН: | C11: 3509011794
B12: КПП: | C12: 350901001
B13: Долгосрочный период регулирования: 2015-2019 | D13: гг.
A15: № п/п | C15: Показатель | D15: Ед. изм. | E15: 2017 | G15: Примечание ***
E16: план * | F16: факт **
A17: I | C17: Структура затрат
A18: 1 | C18: Необходимая валовая выручка на содержание | D18: тыс. руб. | E18: 17935.33 | F18: =[1]долгосрочн.параметры!$D$39+F47 -> 14558.186
A19: 1.1 | C19: Подконтрольные расходы, всего | D19: тыс. руб. | E19: 12490.01 | F19: =[1]долгосрочн.параметры!$D$16 -> 11880.755 | H19: =F19-F20-F25-F27-F31-F32 -> 0
A20: 1.1.1 | C20: Материальные расходы, всего | D20: тыс. руб. | E20: =SUM(E21:E23) -> 2361.3 | F20: =SUM(F21:F23) -> 782.60434 | H20: =F20-F21-F22-F23 -> 0
A21: 1.1.1.1 | C21: в том числе на сырье, материалы, запасные части, инструмент, топливо | D21: тыс. руб. | E21: 1530.55 | F21: =[1]долгосрочн.параметры!$D$5 -> 330.2325
A22: 1.1.1.2 | C22: на ремонт | D22: тыс. руб. | E22: 799.52 | F22: =[1]долгосрочн.параметры!$D$7 -> 400.09405
A23: 1.1.1.3 | C23: в том числе на работы и услуги производственного характера (в том числе услуги сторонних организаций по содержанию сетей и распределительных устройств) | D23: тыс. руб. | E23: 31.23 | F23: =[1]долгосрочн.параметры!$D$8 -> 52.27779
A24: 1.1.1.3.1 | C24: в том числе на ремонт | D24: тыс. руб.
A25: 1.1.2 | C25: Фонд оплаты труда | D25: тыс. руб. | E25: 9271.66 | F25: ='[1]ПЛАН-2017'!$CD$112 -> 5655.2522
A26: 1.1.2.1 | C26: в том числе на ремонт | D26: тыс. руб. | E26: 3245.081 | F26: 1979.3383
A27: 1.1.3 | C27: Прочие подконтрольные расходы (с расшифровкой) | D27: тыс. руб. | E27: =E19-E20-E25-E32 -> 825.265 | F27: =F19-F20-F25-F32 -> 688.42436
A28: 1.1.3.1 | C28: в том числе прибыль на социальное развитие (включая социальные выплаты) | D28: тыс. руб. | E28: 463.583 | F28: =[1]долгосрочн.параметры!$D$13 -> 54.833
A29: 1.1.3.2 | C29: в том числе транспортные услуги | D29: тыс. руб.
A30: 1.1.3.3 | C30: в том числе прочие расходы (с расшифровкой)**** | D30: тыс. руб.
A31: 1.1.4 | C31: Расходы на обслуживание операционных заемных средств в составе подконтрольных расходов | D31: тыс. руб.
A32: 1.1.5 | C32: Расходы из прибыли в составе подконтрольных расходов | D32: тыс. руб. | E32: 31.785 | F32: =[1]долгосрочн.параметры!$D$15 -> 4754.4737
A33: 1.2 | C33: Неподконтрольные расходы, включенные в НВВ, всего | D33: тыс. руб. | E33: =5778.14-E47 -> 4073.72 | F33: =[1]долгосрочн.параметры!$D$37-F47+F47 -> 2677.4318 | H33: =F33-F34-F35-F36-F37-F38-F39-F42-F46 -> 0
A34: 1.2.1 | C34: Оплата услуг ОАО "ФСК ЕЭС" | D34: тыс. руб.
A35: 1.2.2 | C35: Расходы на оплату технологического присоединения к сетям смежной сетевой организации | D35: тыс. руб.
A36: 1.2.3 | C36: Плата за аренду имущества | D36: тыс. руб. | E36: 10.8 | F36: ='[1]ПЛАН-2017'!$CD$96 -> 2.22154
A37: 1.2.4 | C37: отчисления на социальные нужды | D37: тыс. руб. | E37: 2800.04 | F37: ='[1]ПЛАН-2017'!$CD$113 -> 1727.2902
A38: 1.2.5 | C38: расходы на возврат и обслуживание долгосрочных заемных средств, направляемых на финансирование капитальных вложений | D38: тыс. руб.
A39: 1.2.6 | C39: амортизация | D39: тыс. руб. | E39: 783 | F39: ='[1]ПЛАН-2017'!$CD$42 -> 771.67318
A40: 1.2.7 | C40: прибыль на капитальные вложения | D40: тыс. руб.
A41: 1.2.8 | C41: налог на прибыль | D41: тыс. руб. | E41: 123.84 | F41: 0
A42: 1.2.9 | C42: прочие налоги | D42: тыс. руб. | E42: =267.85-E41 -> 144.01 | F42: ='[1]ПЛАН-2017'!$CD$114 -> 160.272
A43: 1.2.10 | C43: Расходы сетевой организации, связанные с осуществлением технологического присоединения к электрическим сетям, не включенные в плату за технологическое присоединение | D43: тыс. руб.
A44: 1.2.10.1 | C44: Справочно: "Количество льготных технологических присоединений" | D44: ед.
A45: 1.2.11 | C45: Средства, подлежащие дополнительному учету по результатам вступивших в законную силу решений суда, решений ФСТ России, принятых по итогам рассмотрения разногласий или досудебного урегулирования споров, решения ФСТ России об отмене решения регулирующего органа, принятого им с превышением полномочий (предписания) | D45: тыс. руб.
A46: 1.2.12 | C46: прочие неподконтрольные расходы (с расшифровкой) | D46: тыс. руб. | E46: =E33-E36-E37-E39-E41-E42 -> 212.03 | F46: =F33-F36-F37-F39-F41-F42+F47 -> 15.97488
A47: 1.3 | C47: недополученный по независящим причинам доход (+)/избыток средств, полученный в предыдущем периоде регулирования (-) | D47: тыс. руб. | E47: 1704.42 | F47: 0
A48: II | C48: Справочно: расходы на ремонт, всего (пункт 1.1.1.2 + пункт 1.1.2.1) | D48: тыс. руб. | E48: =E22+E24+E26 -> 4044.601 | F48: =F22+F24+F26 -> 2379.4323
A49: III | C49: Необходимая валовая выручка на оплату технологического расхода (потерь) электроэнергии | D49: тыс. руб. | E49: =E50*E51*1000 -> 11278.707 | F49: =16372.47 -> 16372.47
A50: 1.1 | C50: Справочно: Объем технологических потерь | D50: МВт∙ч | E50: 4.323 | F50: 6.175044
A51: 1.2 | C51: Справочно: Цена покупки электрической энергии сетевой организацией в целях компенсации технологического расхода электрической энергии | D51: руб./кВтч | E51: 2.609 | F51: =F49/F50/1000 -> 2.6513933
A52: IV | C52: Натуральные (количественные) показатели, используемые при определении структуры и объемов затрат на оказание услуг по передаче электрической энергии сетевыми организациями | D52: х
A53: 1 | C53: общее количество точек подключения на конец года | D53: шт. | E53: 6867 | F53: =E53 -> 6867
A54: 2 | C54: Трансформаторная мощность подстанций, всего | D54: МВА | E54: 21.99 | F54: =E54 -> 21.99
C55: ВН | D55: МВА
C56: СН1 | D56: МВА
C57: СН2 | D57: МВА | E57: =E54 -> 21.99 | F57: =E57 -> 21.99
C58: НН | D58: МВА
A59: 3 | C59: Количество условных единиц по линиям электропередачи, всего | D59: у.е. | E59: 214.26 | F59: =E59 -> 214.26
C60: ВН | D60: у.е.
C61: СН1 | D61: у.е.
C62: СН2 | D62: у.е. | E62: 76.44 | F62: =E62 -> 76.44
C63: НН | D63: у.е. | E63: =E59-E62 -> 137.82 | F63: =E63 -> 137.82
A64: 4 | C64: Количество условных единиц по подстанциям, всего | D64: у.е. | E64: 510.6 | F64: =E64 -> 510.6
C65: ВН | D65: у.е.
C66: СН1 | D66: у.е.
C67: СН2 | D67: у.е. | E67: =E64 -> 510.6 | F67: =E67 -> 510.6
C68: НН | D68: у.е.
A69: 5 | C69: Длина линий электропередачи, всего | D69: км | E69: 107.2 | F69: =E69 -> 107.2
C70: ВН | D70: км
C71: СН1 | D71: км
C72: СН2 | D72: км | E72: 42.9 | F72: =E72 -> 42.9
C73: НН | D73: км | E73: =E69-E72 -> 64.3 | F73: =E73 -> 64.3
A74: 6 | C74: Доля кабельных линий электропередачи | D74: % | E74: =(12.1+12.8)/E69 -> 0.23227612 | F74: =E74 -> 0.23227612
A75: 7 | C75: Ввод в эксплуатацию новых объектов электросетевого комплекса на конец года | D75: тыс. руб. | E75: =E39*0.75 -> 587.25 | F75: 2035.3148
A76: 7.1 | C76: в том числе за счет платы за технологическое присоединение | D76: тыс. руб. | E76: 0 | F76: 429.11839
A77: 8 | C77: норматив технологического расхода (потерь) электрической энергии, установленный Минэнерго России ***** | D77: % | E77: 0.1618 | F77: 0.2129
A80: _____*_В случае определения плановых значений показателей органами исполнительной власти в области государственного регулирования тарифов при установлении тарифов на услуги по передаче электрической энергии в столбце <план> указываются соответствующие значения. Плановые значения составляющих подконтрольных расходов раскрываются в отношении расходов, учтенных регулирующим органом на первый год долгосрочного периода регулирования.
A81: _____**_Информация о фактических затратах на оказание регулируемых услуг заполняется на основании данных раздельного учета расходов по регулируемым видам деятельности.
A82: _____***_При наличии отклонений фактических значений показателей от плановых значений более чем на 15 процентов в столбце <Примечание> указываются причины их возникновения.
A83: _____****_В соответствии с пунктом 28 Основ ценообразования в области регулируемых цен (тарифов) в электроэнергетике, утвержденных постановлением Правительства Российской Федерации от 29.12.2011 № 1178.
A84: _____*****_В соответствии с пунктом 4.2.14.8 Положения о Министерстве энергетики Российской Федерации, утвержденного постановлением Правительства Российской Федерации от 28.05.2008 № 400.

Sheet Лист1
